 Dungeon Crawl Stone Soup version 0.31.0 (webtiles) character file.

Game seed: 16705612723383757946

39 qw the Shooter (level 3, 0/22 HPs)
             Began as a Gargoyle Hunter on Jan 19, 2024.
             Slain by a ribbon worm (2 damage)
             ... on level 2 of the Dungeon.
             The game lasted 00:00:03 (828 turns).

qw the Shooter (Gargoyle Hunter)                     Turns: 828, Time: 00:00:03

Health: 0/22       AC:  7    Str: 14    XL:     3   Next: 47%
Magic:  3/3        EV: 11    Int:  9    God:
Gold:   42         SH:  0    Dex: 15    Spells: 2/2 levels left

rFire   . . .        a - +0 shortbow
rCold   . . .        (shield currently unavailable)
rNeg    + . .        c - +0 leather armour
rPois   inf          h - +0 helmet
rElec   +            (no cloak)
rCorr   .            (no gloves)
SInv    +            (no boots)
Will    .....        (no amulet)
Stlth   ++           d - ring of see invisible
HPRegen 0.23/turn    (no ring)
MPRegen 0.08/turn

%: no passive effects
@: no status effects
A: sickness immunity, AC +3, negative energy resistance 1, electricity
resistance, torment resistance 1, petrification resistance
a: no special abilities


You were on level 2 of the Dungeon.
You visited 1 branch of the dungeon, and saw 2 of its levels.

You collected 42 gold pieces.


Innate Abilities, Weirdness & Mutations

You are immune to sickness and miasma.
Your stone body is resilient. (AC +3)
You are immune to poison.
You resist negative energy. (rN+)
You are resistant to electric shocks. (rElec)
You are resistant to unholy torment.
You are immune to petrification.


   Skills:
 + Level 2.6 Fighting
 - Level 5.0 Ranged Weapons
 - Level 1.5 Dodging
 - Level 1.1 Stealth


You had 2 spell levels left.
You didn't know any spells.
Your spell library was empty.

Inventory:

Hand Weapons
 a - a +0 shortbow (weapon)
Armour
 c - a +0 leather armour (worn)
 h - a +0 helmet (worn)
Jewellery
 d - a ring of see invisible (left hand)
Potions
 i - a potion of haste

Dungeon Overview and Level Annotations

Branches:
Dungeon (2/15)

Altars:


Message History

You shoot an arrow. The arrow barely misses the kobold.
The frilled lizard bites you but does no damage.
The kobold closely misses you. x2
The frilled lizard bites you but does no damage.
You shoot an arrow.
The arrow hits the kobold but does no damage.
The kobold is moderately wounded.
The kobold misses you. The frilled lizard closely misses you.
You shoot an arrow. The arrow barely misses the kobold.
The kobold hits you but does no damage. The frilled lizard misses you.
You shoot an arrow. The arrow hits the kobold!
You kill the kobold!
The frilled lizard bites you but does no damage.
You shoot an arrow. The arrow misses the frilled lizard.
The frilled lizard closely misses you.
A ribbon worm comes into view.
You shoot an arrow. The arrow misses the frilled lizard.
The frilled lizard bites you but does no damage.
The frilled lizard bites you.
You shoot an arrow.
The arrow barely misses the ribbon worm.
The ribbon worm misses you.
The frilled lizard bites you but does no damage.
You shoot an arrow. The arrow hits the ribbon worm.
The ribbon worm is moderately wounded.
The frilled lizard bites you but does no damage.
The ribbon worm bites you.
You shoot an arrow. The arrow hits the ribbon worm!
The ribbon worm is heavily wounded.
The frilled lizard closely misses you. The ribbon worm barely misses you.
You shoot an arrow. The arrow hits the ribbon worm!
The ribbon worm is almost dead.
The frilled lizard bites you.
The ribbon worm expels a string of sticky webbing.
The stream of webbing hits you but does no damage.
You are caught in a web!
The web tears apart.
The frilled lizard bites you but does no damage.
The ribbon worm bites you.
You die...

####..###.#
########.........###
#.....#..#.........#
#.....#.###...##....
#........#....#.....
)
#......(.............
#.....###.##..####.#
####### #.##..w)...##
#.##..@l...8#
#.#######..## #.# .#
..# # #.# #.#


You could see a ribbon worm and a frilled lizard.

Vanquished Creatures
  2 dart slugs
  2 ball pythons
  2 giant cockroaches (D:1)
  4 goblins
  A hobgoblin (D:1)
  5 jackals
  A quokka (D:1)
  9 bats (D:1)
  A frilled lizard (D:1)
  4 kobolds
  3 rats
34 creatures vanquished.

Notes
Turn   | Place    | Note
-------+----------+-------------------------------------------
     0 | D:1      | qw the Gargoyle Hunter began the quest for the Orb.
     0 | D:1      | Reached XP level 1. HP: 12/12 MP: 1/1
     0 | D:1      | 0 ||| qw: Version: 0.3-a-132-g3d54051
     0 | D:1      | 0 ||| qw: Game counter: 142
     0 | D:1      | 0 ||| qw: Melee chars always use a shield: true
     0 | D:1      | 0 ||| qw: God list: Okawaru
     0 | D:1      | 0 ||| qw: Allow faded altars: false
     0 | D:1      | 0 ||| qw: Do Orc after clearing Dungeon:15 true
     0 | D:1      | 0 ||| qw: Do second Lair branch before Depths: true
     0 | D:1      | 0 ||| qw: Lair rune preference: random
     0 | D:1      | 0 ||| qw: Goals: Normal
     0 | D:1      | 0 ||| PLANNING D:1-11
   166 | D:1      | Reached XP level 2. HP: 17/17 MP: 2/2
   211 | D:1      | 211 ||| RETREEEEATING.
   485 | D:1      | Reached XP level 3. HP: 21/21 MP: 3/3
   504 | D:1      | Reached skill level 5 in Ranged Weapons
   671 | D:1      | 671 ||| UPGRADING to +0 helmet.
   676 | D:1      | 676 ||| UPGRADING to ring of see invisible.
   677 | D:1      | 677 ||| READING scroll labelled XIRUET READD.
   678 | D:1      | 678 ||| READING scroll labelled KIUZEU GALI.
   693 | D:1      | 693 ||| READING scroll labelled KARCHE AH OSOWA.
   693 | D:1      | 693 ||| IDENTIFYING purple potion
   694 | D:1      | 694 ||| DROPPING scroll of butterflies.
   745 | D:2      | 745 ||| FLEEEEING.
   812 | D:2      | HP: 5/22 [jackal (3)]
   823 | D:2      | HP: 5/22 [frilled lizard (2)]
   827 | D:2      | HP: 2/22 [frilled lizard (3)]
   828 | D:2      | Slain by a ribbon worm

Levels and vault maps discovered:
D:1:      lightli_arrival_statue_moat, layout_loops_cross
D:2:      layout_loops_cross, basic_altar, chequers_hall_statues_corner_a,
          cheibrodos_gnoll_hut

Skill      XL: |  1  2  3 |
---------------+----------+-----
Ranged Weapons | 5 |  5.0
Fighting       | |  2.6
Dodging        | |  1.5
Stealth        | |  1.1

Action                     || total
---------------------------++-------
   Fire: Shortbow          ||   105
    Use: Scroll            ||     3
 Armour: Leather armour    ||    68
  Dodge: Dodged            ||    68

Table legend:
 A = Non-vault XP
 B = Vault XP
 C = Vault XP percentage of total XP
 D = Non-vault monster count
 E = Vault monster count
 F = Vault count percentage of total count
                 A         B        C        D         E       F
            +---------+---------+-------+---------+---------+-------
      Total |      57 |       0 |   0.0 |      34 |       0 |   0.0
            +---------+---------+-------+---------+---------+-------
        D:1 |      41 |       0 |   0.0 |      26 |       0 |   0.0
        D:2 |      16 |       0 |   0.0 |       8 |       0 |   0.0
            +---------+---------+-------+---------+---------+-------
